 Dungeon Crawl Stone Soup version 0.31-a0-931-g7b59d4eb97 (webtiles) character file.

Game seed: 2345375094610921752

2 Shayle the Vexing (level 1, -4/19 HPs)
             Began as an Ogre Hexslinger on Oct 19, 2023.
             Slain by a kobold
             ... wielding a +4 dagger
              (6 damage)
             ... on level 1 of the Dungeon.
             The game lasted 00:00:26 (128 turns).

Shayle the Vexing (Ogre Hexslinger)                  Turns: 128, Time: 00:00:27

Health: -4/19      AC:  3    Str: 11    XL:     1   Next: 40%
Magic:  2/2        EV: 10    Int: 14    God:
Gold:   0          SH:  0    Dex: 11    Spells: 2/2 levels left

rFire   . . .        (no weapon)
rCold   . . .        (no shield)
rNeg    . . .        c - +0 robe
rPois   .            (helmet restricted)
rElec   .            (no cloak)
rCorr   .            (gloves unavailable)
SInv    .            (boots unavailable)
Will    .....        (no amulet)
Stlth   +            (no ring)
HPRegen 0.23/turn    (no ring)
MPRegen 0.08/turn

%: no passive effects
@: mighty
A: large, unfitting armour, tough skin 1
a: no special abilities


You were on level 1 of the Dungeon.
You visited 1 branch of the dungeon, and saw 1 of its levels.

Inventory:

Hand Weapons
 a - a +1 sling
Armour
 c - a +0 robe (worn)
Scrolls
 b - a scroll of poison


   Skills:
 + Level 1.5 Fighting
 - Level 1.3 Ranged Weapons
 + Level 1.8 Dodging
 + Level 1.3 Spellcasting
 - Level 2.6 Hexes
 + Level 1.0 Fire Magic


You had 2 spell levels left.
You didn't know any spells.
Your spell library contained the following spells:

 Spells                   Type           Power      Damage    Failure   Level
 Jinxbite                 Hex            16%        N/A       13%         2
 Sigil of Binding         Hex            8%         N/A       26%         3
 Inner Flame              Hex/Fire       6%         N/A       34%         3
 Cause Fear               Hex            4%         N/A       63%         4
 Dimensional Bullseye     Hex/Tloc       2%         N/A       82%         4


Dungeon Overview and Level Annotations

Branches:
Dungeon (1/15)

Altars:


Innate Abilities, Weirdness & Mutations

You are too large for most types of armour.
You have tough skin. (AC +1)


Message History

You shoot a sling bullet. The frilled lizard hisses angrily.
The sling bullet hits the kobold but does no damage.
The kobold hits you with a +4 dagger.
There are monsters nearby!
You shoot a sling bullet.
The sling bullet barely misses the endoplasm.
The endoplasm hits you. The kobold hits you with a +4 dagger.
There are monsters nearby!
You are too injured to fight recklessly!
There are monsters nearby!
You are too injured to fight recklessly!
You are too injured to fight recklessly!
You are too injured to fight recklessly!
You are too injured to fight recklessly!
You shoot a sling bullet. The sling bullet hits the endoplasm.
The endoplasm is severely wounded.
The endoplasm freezes you.
You are frozen.
* * * LOW HITPOINT WARNING * * *
You shoot a sling bullet.
The sling bullet hits the endoplasm but does no damage.
The endoplasm is severely wounded.
The endoplasm freezes you.
You are frozen.
* * * LOW HITPOINT WARNING * * *
The endoplasm hits you but does no damage.
It was a potion of might.
You feel very mighty all of a sudden. The endoplasm barely misses you.
You are now empty-handed.
You punch the endoplasm!
You kill the endoplasm!
You punch the frilled lizard!
You kill the frilled lizard!
Your Fire Magic skill increases to level 1!
You hit the kobold.
The kobold is moderately wounded.
The kobold hits you with a +4 dagger.
You die...

###########.# ....#
#.# ###.# #.#
##.#######.########
#.......##........#
##..####.#########.#
....## ##.#
.......... ##..#
###.####.. ##@..#
....# #K###.# #####
........# ...
.######.# .### ##.
## . .. .. ...


You could see a kobold.

Vanquished Creatures
  An endoplasm (D:1)
  A frilled lizard (D:1)
  A rat (D:1)
3 creatures vanquished.

Notes
Turn   | Place    | Note
-------+----------+-------------------------------------------
     0 | D:1      | Shayle the Ogre Hexslinger began the quest for the Orb.
     0 | D:1      | Reached XP level 1. HP: 19/19 MP: 2/2
   128 | D:1      | Reached skill level 1 in Fire Magic
   128 | D:1      | Slain by a kobold

Illustrated notes

Levels and vault maps discovered:
D:1:      evilmike_arrival_crescent, layout_loops_ring, serial_shops, shop,
          minivault_26

Skill      XL: |  1 |
---------------+----+-----
Fire Magic     | 1 |  1.0
Fighting       | |  1.5
Ranged Weapons | |  1.3
Dodging        | |  1.8
Spellcasting   | |  1.3
Hexes          | |  2.6

Action                     || total
---------------------------++-------
  Melee: Unarmed           ||     3
   Fire: Sling             ||    13
    Use: Potion            ||     1
 Armour: Robe              ||    11
  Dodge: Dodged            ||     5

Table legend: (Time is in decaauts)
 A = Elapsed time spent in this place.
 B = Non-inter-level travel time spent in this place.
 C = Inter-level travel time spent in this place.
 D = Time resting spent in this place.
 E = Time spent auto-exploring this place.
 F = Levels seen in this place.
 G = Mean time per level.
                   A        B        C        D        E       F      G
               +--------+--------+--------+--------+--------+-----+--------+
         Total |    131 |    131 |      0 |      0 |    100 |   1 |  131.0 |
       Dungeon |    131 |    131 |      0 |      0 |    100 |   1 |  131.0 |
               +--------+--------+--------+--------+--------+-----+--------+

Top non-repeatable levels by time:
     D:1: 131 daAuts
